 Dungeon Crawl Stone Soup version 0.27-a0-1273-gec92ba881d (webtiles) character file.

Game seed: 14656958280884422108

39 rabbitsville the Chopper (level 3, -1/31 HPs)
             Began as a Minotaur Fighter on June 11, 2021.
             Was an Initiate of Gozag.
             Slain by a ball python (3 damage)
             ... on level 3 of the Dungeon.
             The game lasted 00:09:47 (1464 turns).

rabbitsville the Chopper (Minotaur Fighter)         Turns: 1464, Time: 00:09:47

Health: -1/31      AC:  6    Str: 21    XL:     3   Next: 26%
Magic:  2/2        EV:  4    Int:  5    God:    Gozag
Gold:   192        SH:  9    Dex:  9    Spells: 2/2 levels left

rFire    . . .     SeeInvis .   a - +0 war axe
rCold    . . .     Faith    .   c - +0 kite shield
rNeg     . . .     Spirit   .   b - +0 scale mail
rPois    .         Reflect  .   (helmet restricted)
rElec    .         Harm     .   (no cloak)
rCorr    .         Rampage  .   (no gloves)
Will     .....                  (no boots)
Stlth    ..........             f - amulet of the acrobat
HPRegen  0.10/turn              (no ring)
MPRegen  0.08/turn              (no ring)

@: acrobatic, constricted
A: horns 2, retaliatory headbutt
a: Renounce Religion, Potion Petition, Call Merchant, Bribe Branch


You were on level 3 of the Dungeon.
You worshipped Gozag.
Gozag was aware of your devotion.
You visited 1 branch of the dungeon, and saw 3 of its levels.

You collected 192 gold pieces.

Inventory:

Hand Weapons
 a - a +0 war axe (weapon)
Armour
 b - a +0 scale mail (worn)
 c - a +0 kite shield (worn)
Jewellery
 f - an amulet of the acrobat (around neck)
Scrolls
 e - a scroll of identify {unknown}
 g - a scroll of enchant armour {unknown}
 i - a scroll of summoning {unknown}
Potions
 d - a potion of might
 h - a potion of resistance {unknown}
 j - a potion of attraction {unknown}
 k - a potion of heal wounds {unknown}


   Skills:
 - Level 3.6 Fighting
 * Level 4.5 Axes
 - Level 3.6 Armour
 - Level 3.6 Shields


You had 2 spell levels left.
You didn't know any spells.
Your spell library contained the following spells:

 Spells                   Type           Power      Damage    Failure   Level
 Bolt of Magma            Conj/Fire/Erth 0%         4d4       100%        5
 Iskenderun's Battlesphe  Conj           0%         2d6       100%        5
 Iron Shot                Conj/Erth      0%         9d1       100%        6
 Orb of Destruction       Conj           0%         N/A       100%        7
 Spellforged Servitor     Conj/Summ      0%         N/A       100%        7


Dungeon Overview and Level Annotations

Branches:
Dungeon (3/15)

Altars:
Gozag


Innate Abilities, Weirdness & Mutations

You have a pair of horns on your head.
You reflexively headbutt those who attack you in melee.


Message History

The endoplasm freezes you.
You are frozen.
* * * LOW HITPOINT WARNING * * *
You block the endoplasm's attack. The endoplasm closely misses you.
The endoplasm completely misses you. You furiously retaliate!
You headbutt the endoplasm.
You kill the endoplasm!
You now have 192 gold pieces (gained 5).
Found 3 curare-tipped darts.
Found an escape hatch in the ceiling.
A jackal comes into view.
The jackal barks!
You hear a bark! x2
Found a blue potion. 2 jackals come into view.
The jackal barks!
A ball python comes into view.
A jackal comes into view.
You block the ball python's attack. The ball python closely misses you.
The jackal barks!
You block the ball python's attack. The ball python misses you.
The ball python misses you. You furiously retaliate!
You headbutt the ball python, but do no damage.
The ball python grabs you. The ball python constricts you.
A rat comes into view.
You block the ball python's attack.
* * * LOW HITPOINT WARNING * * *
The ball python constricts you.
A rat comes into view.
The ball python bites you.
* * * LOW HITPOINT WARNING * * *
The ball python constricts you.
The ball python bites you but does no damage.
* * * LOW HITPOINT WARNING * * *
The ball python constricts you. You block the ball python's attack.
The ball python constricts you. You block the ball python's attack.
The ball python constricts you. The ball python bites you.
You die...
Your body crumbles into a pile of gold.

.... .... ##... ...r.
.....! #
......####.#.#
....rhS@.....#
#....h#.##.### .....
#.# #.# .# $ .... #.#
#.# .#
##..###.#####.#.#
#.###
#............#.#.#...
#.####.#######.#<#..
#.#.###.......#.#
#....(......###.# #


You could see 2 jackals, a ball python and 2 rats.

Vanquished Creatures
  2 dart slugs (D:1)
  An endoplasm (D:3)
  4 giant cockroaches
  4 goblins
  3 hobgoblins
  2 jackals (D:1)
  3 quokkas (D:1)
  2 ball pythons (D:2)
  3 frilled lizards (D:1)
  5 kobolds
  3 rats (D:1)
32 creatures vanquished.

Notes
Turn   | Place    | Note
-------+----------+-------------------------------------------
     0 | D:1      | rabbitsville the Minotaur Fighter began the quest for the
                  | Orb.
     0 | D:1      | Reached XP level 1. HP: 19/19 MP: 0/0
    90 | D:1      | Reached skill level 3 in Axes
   246 | D:1      | Reached XP level 2. HP: 21/26 MP: 1/1
   521 | D:1      | Found a faded altar of an unknown god.
   528 | D:1      | Became a worshipper of Gozag Ym Sagoz the Greedy
   796 | D:1      | Reached skill level 4 in Axes
  1222 | D:2      | Reached XP level 3. HP: 31/31 MP: 2/2
  1464 | D:3      | Slain by a ball python

Illustrated notes

Levels and vault maps discovered:
D:1:      minmay_arrival_jagged, layout_loops_corners,
          dilly_ecumenical_altar_fadedgnrine
D:2:      layout_rooms
D:3:      minmay_evil_eye, layout_basic, lemuel_tele_altar,
          amcnicky_altar_gilded, old_standard_altar, serial_shops,
          nicolae_shop_behind_doors, uniq_grinder

Skill      XL: |  1  2 |
---------------+-------+-----
Axes           | 3 4 |  4.5
Fighting       | |  3.6
Armour         | |  3.6
Shields        | |  3.6

Action                   || total
-------------------------++-------
Melee: War axe           ||    69
       Headbutt          ||     8
Armor: Scale mail        ||    25
Dodge: Dodged            ||    33
Block: Kite shield       ||    48

Table legend: (Time is in decaauts)
 A = Elapsed time spent in this place.
 B = Non-inter-level travel time spent in this place.
 C = Inter-level travel time spent in this place.
 D = Time resting spent in this place.
 E = Time spent auto-exploring this place.
 F = Levels seen in this place.
 G = Mean time per level.
                   A        B        C        D        E       F      G
               +--------+--------+--------+--------+--------+-----+--------+
         Total |   1500 |   1475 |     25 |    129 |    115 |   3 |  500.0 |
       Dungeon |   1500 |   1475 |     25 |    129 |    115 |   3 |  500.0 |
               +--------+--------+--------+--------+--------+-----+--------+

Top non-repeatable levels by time:
     D:1: 1240 daAuts
     D:2: 210 daAuts
     D:3: 49 daAuts
